 Dungeon Crawl Stone Soup version 0.22-a0-866-geee50340df (webtiles) character file.

120432 Destragon the Warrior (level 16, -2/112 HPs)
             Began as a Gargoyle Earth Elementalist on July 27, 2018.
             Was a High Priest of Sif Muna.
             Slain by the 27-headed Lernaean hydra (5 damage)
             ... on level 4 of the Swamp on July 28, 2018.
             The game lasted 03:58:35 (27160 turns).

Destragon the Warrior (GrEE)                       Turns: 27160, Time: 03:58:36

Health: -2/112     AC: 28    Str: 15    XL:     16   Next: 82%
Magic:  0/33       EV: 11    Int: 23    God:    Sif Muna [*****.]
Gold:   2136       SH:  0    Dex: 14    Spells: 17/41 levels left

rFire    + + .     SeeInvis .   C - staff of earth
rCold    . . .     Gourm    .   (no shield)
rNeg     + + .     Faith    .   X - +2 ring mail of Naclebusei {rF+ Regen+ Dex+4}
rPois    ∞         Spirit   +   h - +0 helmet
rElec    +         Reflect  .   H - scarf {Spirit}
rCorr    +         Harm     .   i - +0 pair of gloves
MR       +....     NoTele   +   c - +1 pair of boots {run}
Stlth    ++........             A - amulet of magic regeneration
HPRegen  0.68/turn              a - ring of Omaseoru {-Tele rPois rF+ rN+ Int+3}
MPRegen  0.48/turn              s - ring of resist corrosion

@: flying, slowed, divine energy, very slow
A: big wings, negative energy resistance 1, electricity resistance, unbreathing,
petrification resistance, rot immunity, AC +12
a: Stop Flying, Stop Divine Energy, Channel Magic, Forget Spell, Renounce
Religion


You were on level 4 of the Swamp.
You worshipped Sif Muna.
Sif Muna was extremely pleased with you.
You were not hungry.

You visited 6 branches of the dungeon, and saw 25 of its levels.
You also visited: Ossuary and Ice Cave.

You collected 2346 gold pieces.
You spent 210 gold pieces at shops.

Inventory:

Hand Weapons
 V - the +7 whip of Purpose {venom, rF+}
   (You found it on level 3 of the Lair of Beasts)

   It poisons the flesh of those it strikes.
   It protects you from fire.
Missiles
 q - 570 stones (quivered)
Armour
 b - a +3 plate armour of fire resistance
 c - a +1 pair of boots of running (worn)
 h - a +0 helmet (worn)
 i - a +0 pair of gloves (worn)
 H - a scarf of spirit shield (worn)
 X - the +2 ring mail of Naclebusei (worn) {rF+ Regen+ Dex+4}
   (You found it on level 2 of the Swamp)

   It affects your dexterity (+4).
   It protects you from fire.
   It increases your rate of regeneration.
 Y - a +0 cloak of invisibility
Magical Staves
 C - an uncursed staff of earth (weapon)
 W - an uncursed staff of summoning
Jewellery
 a - the ring of Omaseoru (left hand) {-Tele rPois rF+ rN+ Int+3}
   (You acquired it on level 3 of the Swamp)

   [ring of positive energy]

   It affects your intelligence (+3).
   It protects you from fire.
   It protects you from poison.
   It protects you from negative energy.
   It prevents most forms of teleportation.
 j - an uncursed ring of ice
 n - an uncursed ring of protection from magic
 s - a ring of resist corrosion (right hand)
 z - an uncursed ring of fire
 A - an amulet of magic regeneration (around neck)
 K - an uncursed ring of poison resistance {unknown}
Wands
 l - a wand of acid (6)
 O - a wand of flame (44)
 Q - a wand of iceblast (8)
 R - a wand of scattershot (6)
 S - a wand of paralysis (31)
 U - a wand of clouds (6)
 Z - a wand of polymorph (6)
Scrolls
 g - 3 scrolls of fear
 m - 10 scrolls of teleportation
 o - 2 scrolls of amnesia
 r - a scroll of magic mapping
 u - 4 scrolls of fog
 w - 3 scrolls of blinking
 x - 5 scrolls of enchant armour
 y - 9 scrolls of remove curse
 E - 5 scrolls of enchant weapon
 F - 2 scrolls of vulnerability
 I - 4 scrolls of holy word
 L - 2 scrolls of torment
 M - a scroll of brand weapon
 N - a scroll of silence
Potions
 e - 5 potions of haste
 f - a potion of ambrosia
 k - 3 potions of brilliance
 p - 3 potions of might
 t - 16 potions of curing
 v - 2 potions of resistance
 B - a potion of invisibility
 D - 2 potions of magic
 P - 6 potions of agility
 T - a potion of mutation {unknown}
Miscellaneous
 J - a box of beasts
Comestibles
 d - 41 rations


   Skills:
 + Level 17.3 Fighting
 + Level 14.4 Armour
 - Level 1.5 Dodging
 - Level 3.0 Stealth
 + Level 13.0 Spellcasting
 - Level 6.0 Translocations
 - Level 0.7 Transmutations
 + Level 16.8 Earth Magic
 - Level 8.0 Invocations


You had 17 spell levels left.
You knew the following spells:

 Your Spells              Type           Power        Failure   Level  Hunger
a - Sandblast             Erth           ######       0%          1    None
b - Stone Arrow           Conj/Erth      ######       1%          3    None
c - Passwall              Tmut/Erth      ######..     1%          2    None
d - Lee's Rapid Deconstr  Erth           #######...   1%          5    ###....
e - Petrify               Tmut/Erth      ######..     1%          4    None
f - Apportation           Tloc           #####.       1%          1    None
g - Gell's Gravitas       Tloc           #####.....   1%          3    None
h - Borgnjor's Vile Clut  Necr/Erth      ######....   6%          5    ###....

Your spell library contained the following spells:

 Spells                   Type           Power        Failure   Level  Hunger
 Magic Dart               Conj           ###.         7%          1    None
 Bolt of Cold             Conj/Ice       ###.......   100%        6    #####..
 Lightning Bolt           Conj/Air       ###.......   88%         5    ###....
 Bolt of Magma            Conj/Fire/Erth ######....   19%         5    ###....
 Confuse                  Hex            ###.....     21%         3    None
 Invisibility             Hex            ###.....     100%        6    #####..
 Freezing Cloud           Conj/Ice/Air   ###.......   100%        6    #####..
 Ring of Flames           Chrm/Fire      ###.......   100%        7    ######.
 Teleport Other           Tloc           #####...     1%          3    None
 Bolt of Draining         Conj/Necr      ###.......   88%         5    ###....
 Blink                    Tloc           N/A          1%          2    None
 Iskenderun's Mystic Bla  Conj           ###.....     54%         4    None
 Animate Skeleton         Necr           N/A          7%          1    None
 Ozocubu's Refrigeration  Ice            ###.......   100%        6    #####..
 Ozocubu's Armour         Chrm/Ice       ###.....     21%         3    None
 Poison Arrow             Conj/Pois      ###.......   100%        6    #####..
 Regeneration             Chrm/Necr      ###.......   21%         3    None
 Sting                    Conj/Pois      ###.         7%          1    None
 Tukima's Dance           Hex            ###.....     21%         3    None
 Swiftness                Chrm/Air       ###.....     10%         2    None
 Agony                    Necr           ###.....     88%         5    ###....
 Ice Form                 Ice/Tmut       ###.....     50%         4    None
 Deflect Missiles         Chrm/Air       ###.......   100%        6    #####..
 Confusing Touch          Hex            ###...       7%          1    None
 Ignite Poison            Fire/Tmut/Pois ###.....     19%         3    None
 Metabolic Englaciation   Hex/Ice        ###.......   88%         5    ###....
 Summon Butterflies       Summ           ###.....     7%          1    None
 Shatter                  Erth           #######...   100%        9    #######
 Static Discharge         Conj/Air       ###.....     21%         3    None
 Alistair's Intoxication  Tmut/Pois      ###.....     85%         5    ###....
 Simulacrum               Ice/Necr       ###.......   100%        6    #####..
 Passage of Golubria      Tloc           N/A          5%          4    None
 Malign Gateway           Summ/Tloc      ####......   100%        7    ######.
 Tornado                  Air            ###.......   100%        9    #######
 Shroud of Golubria       Chrm/Tloc      ####......   3%          2    None
 Disjunction              Tloc           #####.....   100%        8    #######
 Fulminant Prism          Conj/Hex       ###.......   54%         4    None
 Dazzling Spray           Conj/Hex       ###...       21%         3    None
 Force Lance              Conj/Tloc      ####....     19%         4    None
 Infusion                 Chrm           ###.         7%          1    None
 Song of Slaying          Chrm           ###.....     10%         2    None
 Spectral Weapon          Hex/Chrm       ###.....     21%         3    None
 Searing Ray              Conj           ###...       10%         2    None
 Summon Lightning Spire   Summ/Air       ###.....     54%         4    None
 Yara's Violent Unravell  Hex/Tmut       ###.......   85%         5    ###....
 Lesser Beckoning         Tloc           #####.....   1%          3    None
 Poisonous Vapours        Pois/Air       ###...       10%         2    None
 Ignition                 Fire           ###.......   100%        8    #######


Dungeon Overview and Level Annotations

Branches:
Dungeon (10/15)            Temple (1/1) D:4            Lair (6/6) D:8
  Swamp (4/4) Lair:3        Snake (0/4) Lair:4        Slime (0/5) Lair:5
    Orc (2/2) D:10            Elf (2/3) Orc:2

Altars:
Ashenzari
Dithmenos
Elyvilon
Fedhas
Gozag
Hepliaklqana
Ru
Sif Muna
Xom
Yredelemnul
The Shining One
Beogh
Jiyva

Shops:
D:4 *   D:7 (%   Orc:2 :%[:

Annotations:
D:6 Fandomethor's ghost, novice GrFi
Lair:3 3 runed doors, Cyreseda's ghost, journeyman MiBe; Dayhas's ghost, journeyman GrEE; Ufuzuash's ghost, journeyman GnBe
Lair:4 1 runed door, strelocc's ghost, journeyman MiFi
Swamp:4 Lernaean hydra


Innate Abilities, Weirdness & Mutations

You are resistant to torment.
Your stone body is resilient. (AC +12)
You are immune to poison.
Your large and strong wings let you fly indefinitely.
You resist negative energy. (rN+)
You are resistant to electric shocks. (rElec)
You can survive without breathing.
You are immune to petrification.
You are immune to rotting.


Message History

The five-headed hydra bites you but does no damage.
The five-headed hydra bites you.
* * * LOW HITPOINT WARNING * * *
The five-headed hydra bites you but does no damage.
A ghost crab comes into view.
The 27-headed Lernaean hydra bites you but does no damage.
The 27-headed Lernaean hydra bites you!
* * * LOW HITPOINT WARNING * * *
The 27-headed Lernaean hydra bites you but does no damage.
The 27-headed Lernaean hydra bites you.
* * * LOW HITPOINT WARNING * * *
The 27-headed Lernaean hydra misses you.
The 27-headed Lernaean hydra barely misses you. x2
The 27-headed Lernaean hydra bites you.
* * * LOW HITPOINT WARNING * * *
The 27-headed Lernaean hydra bites you but does no damage.
The 27-headed Lernaean hydra barely misses you.
The 27-headed Lernaean hydra bites you but does no damage.
The 27-headed Lernaean hydra bites you.
You die...

♣≈≈≈..≈#≈♣♣♣...≈≈..♣.*** ******
♣♣≈#.≈≈≈.♣♣...≈.≈≈...,,****≈,,,*
*♣♣≈♣.≈≈≈.♣♣♣≈≈.≈♣≈≈.≈≈≈,**,,≈≈≈*
*≈.♣♣♣≈≈≈..♣♣♣♣.♣♣♣♣,≈≈≈≈,,,,≈≈≈,
**≈.♣♣≈≈≈≈≈≈♣♣.§≈.≈♣≈≈≈≈≈≈≈,,≈≈≈,
*###.♣♣≈.≈≈≈........≈≈≈.≈≈≈≈≈,,,≈
##...♣♣..≈≈≈≈≈≈§♣♣...≈≈≈,,≈≈≈,,≈≈
†D≈.§§§...≈≈≈≈≈≈|♣♣♣♣≈≈≈≈,≈≈≈≈,≈≈
#≈≈...§.≈≈≈≈D≈≈D@≈♣**,≈≈≈≈≈≈≈,,,,
###.♣≈.§≈≈≈≈≈≈≈D÷♣♣*,≈,,≈≈≈≈≈≈≈≈≈
*≈.♣♣♣≈..t≈n≈≈≈≈♣♣*≈,≈≈≈≈≈,,≈≈≈≈≈
.♣♣♣≈♣....≈≈≈≈.≈♣ *,≈≈≈≈≈≈≈≈,≈≈≈≈
***≈♣..≈..≈.≈..♣♣ *≈≈≈≈≈≈≈≈,≈≈≈≈≈
**♣♣♣.#..♣♣.≈♣♣ **≈≈**,≈≈,,≈≈≈≈
**.$...≈...≈..≈♣ *****≈≈≈≈,,≈≈≈
≈≈≈≈#........≈.♣ *,≈≈≈≈,,≈,
,.≈≈§≈.≈.≈≈.≈≈≈♣♣ **♣♣≈,≈≈≈,,,,


You could see the 27-headed Lernaean hydra, a five-headed hydra, a swamp dragon,
a ghost crab (wandering) and a bog body.

Vanquished Creatures
  Nikola (Orc:2)
  A thorn hunter (Swamp:3)
  2 azure jellies (Lair:5)
  2 orc warlords
  2 dire elephants
  12 hydras
  5 ghost crabs (Swamp:3)
  2 two-headed ogres
  2 catoblepae
  2 dancing weapons (Elf:1)
  A tengu warrior (Swamp:3)
  18 death yaks
  A deep troll shaman (Lair:6)
  6 alligators
  An orc high priest (Orc:1)
  The ghost of jehirs the Covert, a novice OpHu of Makhleb (D:9)
  Sonja (Lair:1)
  2 deep elf knights (Orc:2)
  5 spriggan druids (Swamp:3)
  7 swamp dragons
  A deep elf archer (Elf:1)
  3 deep elf magi
  2 orc knights (Orc:2)
  A lindwurm (Lair:3)
  2 ugly things (IceCv)
  5 oklob plants
  29 elephants
  7 black mambas
  3 apocalypse crabs (Swamp:3)
  2 ice statues (IceCv)
  17 spiny frogs
  3 rime drakes
  15 komodo dragons
  6 trolls
  A tengu conjurer (Swamp:3)
  11 tyrant leeches
  3 hornets
  3 bog bodies
  10 slime creatures
  13 hippogriffs
  11 blink frogs
  A water elemental (Elf:1)
  A spriggan (Lair:4)
  A shadow (Swamp:1)
  41 yaks
  2 basilisks
  A hungry ghost (D:8)
  11 vampire mosquitoes
  Edmund (D:4)
  6 insubstantial wisps
  11 swamp worms
  19 water moccasins
  A naga (Lair:4)
  6 porcupines
  52 orc warriors
  13 ice beasts
  4 phantoms
  3 sky beasts
  3 black bears
  A necrophage (D:7)
  6 swamp drakes
  10 ogres
  32 wolves
  14 centaurs
  14 crocodiles
  2 big kobolds
  8 bullfrogs
  Blork the orc (D:4)
  A gnoll sergeant (D:6)
  A wyvern zombie (D:9)
  2 scorpions
  4 electric eels (D:9)
  4 wights
  6 howler monkeys
  A centaur zombie (D:8)
  6 crimson imps
  A quasit (D:6)
  5 hounds
  8 orc priests
  A bullfrog skeleton (D:9)
  A jelly (D:7)
  Crazy Yiuf (D:2)
  An iguana (D:7)
  16 orc wizards
  Natasha (D:4)
  8 worker ants
  A centaur simulacrum (D:9)
  A bullfrog simulacrum (D:9)
  9 big kobold zombies (Ossuary)
  A mummy (Ossuary)
  A hound skeleton (D:10)
  11 gnolls
  15 adders
  A white imp (D:9)
  A howler monkey simulacrum (D:9)
  An ooze (D:4)
  2 adder zombies
  4 adder skeletons
  2 worms (D:3)
  6 leopard geckos
  78 orcs
  5 spectral bats (Ossuary)
  3 ball pythons
  8 bats
  4 giant cockroaches
  4 gnoll zombies (Ossuary)
  8 goblins
  7 hobgoblins
  14 jackals
  3 quokkas
  2 bat simulacra (Ossuary)
  6 frilled lizards
  A goblin simulacrum (Ossuary)
  4 goblin zombies (Ossuary)
  6 hobgoblin zombies (Ossuary)
  21 kobolds
  5 kobold simulacra (Ossuary)
  5 kobold zombies (Ossuary)
  3 orc zombies (Ossuary)
  A quokka simulacrum (D:9)
  8 rats
  3 rat simulacra (Ossuary)
  5 spectral goblins (Ossuary)
  6 spectral kobolds (Ossuary)
  A spectral rat (Ossuary)
  A fungus (Lair:4)
  3 plants
826 creatures vanquished.

Vanquished Creatures (others)
  A swamp drake (Swamp:4)
  60 fungi
  24 plants
  2 withered plants (Lair:3)
87 creatures vanquished.

Grand Total: 913 creatures vanquished

Notes
Turn   | Place    | Note
-------+----------+-------------------------------------------
     0 | D:1      | Destragon the Gargoyle Earth Elementalist began the quest for the Orb.
     0 | D:1      | Reached XP level 1. HP: 10/10 MP: 3/3
   109 | D:1      | Reached XP level 2. HP: 9/16 MP: 1/5
   262 | D:1      | Reached skill level 1 in Fighting
   691 | D:1      | Reached XP level 3. HP: 20/20 MP: 4/6
   856 | D:2      | Found a glowing golden altar of the Shining One.
  1008 | D:3      | Reached skill level 1 in Armour
  1008 | D:3      | Reached XP level 4. HP: 9/25 MP: 0/7
  1466 | D:2      | Learned a level 3 spell: Stone Arrow
  1469 | D:2      | Learned a level 2 spell: Passwall
  1654 | D:2      | Found a runed door.
  1658 | D:2      | Noticed Crazy Yiuf
  1662 | D:2      | Killed Crazy Yiuf
  1662 | D:2      | Reached XP level 5. HP: 24/30 MP: 3/9
  1737 | D:3      | Reached skill level 2 in Fighting
  1786 | D:3      | Found a shadowy altar of Dithmenos.
  1954 | D:3      | Reached skill level 5 in Earth Magic
  2112 | D:4      | Noticed Blork the orc
  2121 | D:4      | Killed Blork the orc
  2121 | D:4      | Reached XP level 6. HP: 36/36 MP: 3/10
  2195 | D:4      | Noticed Edmund
  2221 | D:4      | Killed Edmund
  2281 | D:4      | Noticed a phantom
  2302 | D:4      | Reached skill level 3 in Fighting
  2302 | D:4      | Reached XP level 7. HP: 23/41 MP: 1/11
  2725 | D:4      | Noticed Natasha
  2731 | D:4      | Killed Natasha
  2838 | D:4      | Found Raus's Assorted Antiques.
  2845 | D:4      | Bought a scroll labeled GAUDGH VOACE for 21 gold pieces
  2845 | D:4      | Bought a scroll of teleportation for 63 gold pieces
  2971 | D:4      | Found a staircase to the Ecumenical Temple.
  2978 | Temple   | Entered the Ecumenical Temple
  2983 | Temple   | Became a worshipper of Sif Muna the Loreminder
  3384 | D:4      | Reached XP level 8. HP: 47/47 MP: 13/13
  3398 | D:4      | Reached skill level 5 in Armour
  3443 | D:5      | Entered Level 5 of the Dungeon
  3609 | D:5      | Found a sand-covered staircase.
  3915 | D:4      | Bought 2 potions of curing for 126 gold pieces
  3967 | Ossuary  | Entered an ossuary
  4022 | Ossuary  | Reached skill level 4 in Fighting
  4235 | Ossuary  | Reached * piety under Sif Muna
  4685 | D:6      | Found a runed door.
  4687 | D:6      | Found a shimmering altar of Xom.
  4687 | D:6      | Noticed Fandomethor's ghost (novice GrFi)
  4687 | D:6      | Noticed a hand axe of chaos
  4884 | D:6      | Reached ** piety under Sif Muna
  4886 | D:6      | Reached XP level 9. HP: 53/53 MP: 9/15
  5133 | D:6      | Reached skill level 5 in Fighting
  5311 | D:7      | Found a shattered altar of Ashenzari.
  5375 | D:7      | Found a sacrificial altar of Ru.
  5501 | D:7      | Found Lone's Food Emporium.
  5523 | D:7      | Found Caifoude's Antique Weapon Emporium.
  5530 | D:7      | Reached skill level 5 in Spellcasting
  5902 | D:8      | Found a staircase to the Lair.
  5925 | Lair:1   | Entered Level 1 of the Lair of Beasts
  5925 | Lair:1   | Noticed a komodo dragon
  6100 | D:8      | Reached skill level 10 in Earth Magic
  6114 | D:8      | Reached *** piety under Sif Muna
  6339 | D:8      | Reached skill level 6 in Fighting
  6374 | D:8      | Found a blossoming altar of Fedhas.
  6399 | D:8      | Reached XP level 10. HP: 60/60 MP: 11/18
  6539 | D:8      | Found an opulent altar of Gozag.
  6684 | D:8      | Found a white marble altar of Elyvilon.
  7010 | D:9      | Learned a level 5 spell: Lee's Rapid Deconstruction
  7046 | D:9      | Noticed a two-headed ogre
  7052 | D:9      | Killed a two-headed ogre
  7111 | D:9      | Found a runed gate.
  7111 | D:9      | Found a runed gate.
  7112 | D:9      | Found a runed gate.
  7142 | D:9      | Noticed jehirs's ghost (novice OpHu)
  7155 | D:9      | Killed jehirs's ghost
  7155 | D:9      | Reached **** piety under Sif Muna
  7155 | D:9      | Reached skill level 7 in Fighting
  7361 | D:6      | Paralysed by a hand axe of chaos for 3 turns
  8452 | D:10     | Entered Level 10 of the Dungeon
  8724 | D:10     | Reached XP level 11. HP: 68/68 MP: 0/21
  8775 | D:10     | Found a staircase to the Orcish Mines.
  8788 | D:10     | Reached skill level 8 in Fighting
  9393 | Orc:1    | Entered Level 1 of the Orcish Mines
  9394 | Orc:1    | Found a roughly hewn altar of Beogh.
  9663 | Orc:1    | Noticed an orc high priest
  9664 | Orc:1    | Found a roughly hewn altar of Beogh.
 10015 | Orc:1    | Killed an orc high priest
 10244 | Orc:1    | Reached ***** piety under Sif Muna
 10301 | Orc:1    | Noticed a two-headed ogre
 10307 | Orc:1    | Killed a two-headed ogre
 10307 | Orc:1    | Identified Sif Muna's Incunabulum of Boosts and Venom (Sif Muna gifted it to you on level 1 of the Orcish Mines)
 10307 | Orc:1    | Received a gift from Sif Muna
 10336 | Orc:1    | Reached skill level 9 in Fighting
 10602 | Lair:1   | Noticed Sonja
 10605 | Lair:1   | Killed Sonja
 11112 | Lair:1   | Reached XP level 12. HP: 38/77 MP: 0/24
 11188 | Lair:1   | Noticed an eight-headed hydra
 11324 | Lair:2   | Reached skill level 10 in Fighting
 12712 | Lair:1   | Killed an eight-headed hydra
 12833 | Lair:3   | Learned a level 4 spell: Petrify
 12855 | Lair:3   | Reached skill level 10 in Armour
 12954 | Lair:3   | Reached skill level 11 in Fighting
 12987 | Lair:3   | Noticed a five-headed hydra
 12991 | Lair:3   | Killed a five-headed hydra
 12996 | Lair:3   | Got a transparent whip
 12997 | Lair:3   | Identified the +7 whip of Purpose {venom, rF+} (You found it on level 3 of the Lair of Beasts)
 13024 | Lair:3   | Reached XP level 13. HP: 64/84 MP: 2/26
 13239 | Lair:3   | Found a staircase to the Swamp.
 13252 | Lair:3   | Learned a level 1 spell: Apportation
 13299 | Lair:3   | Learned a level 3 spell: Gell's Gravitas
 13519 | Lair:3   | Found a runed gate.
 13519 | Lair:3   | Found a runed gate.
 13519 | Lair:3   | Found a runed gate.
 13523 | Lair:3   | Reached skill level 1 in Translocations
 13532 | Lair:3   | Noticed Ufuzuash's ghost (journeyman GnBe)
 13532 | Lair:3   | Noticed Dayhas's ghost (journeyman GrEE)
 13828 | Lair:3   | Noticed Ufuzuash's ghost (journeyman GnBe)
 13829 | Lair:3   | Noticed Cyreseda's ghost (journeyman MiBe)
 13896 | Lair:4   | Found a staircase to the Snake Pit.
 13951 | Lair:4   | Identified Sif Muna's Volume of Evil Magic (Sif Muna gifted it to you on level 4 of the Lair of Beasts)
 13951 | Lair:4   | Received a gift from Sif Muna
 14020 | Lair:4   | Found a runed door.
 14020 | Lair:4   | Noticed strelocc's ghost (journeyman MiFi)
 14051 | Lair:4   | Reached skill level 1 in Invocations
 14094 | Lair:4   | Reached skill level 10 in Spellcasting
 14318 | Lair:4   | Reached skill level 15 in Earth Magic
 14553 | Lair:4   | Reached skill level 12 in Fighting
 14776 | Lair:4   | Noticed a dire elephant
 14891 | Lair:4   | Killed a dire elephant
 15341 | Lair:5   | Reached skill level 5 in Translocations
 15584 | Lair:5   | Found a frozen archway.
 15587 | Lair:5   | Gained mutation: Your large and strong wings let you fly indefinitely. [Gargoyle growth]
 15587 | Lair:5   | Reached XP level 14. HP: 92/92 MP: 21/28
 15632 | IceCv    | Entered an ice cave
 15647 | IceCv    | Found a transporter.
 15694 | IceCv    | Found a transporter.
 15983 | Lair:5   | Found a runed door.
 15983 | Lair:5   | Found a viscous altar of Jiyva.
 15983 | Lair:5   | Noticed an azure jelly
 15984 | Lair:5   | Found a staircase to the Slime Pits.
 15984 | Lair:5   | Noticed an azure jelly
 16396 | Lair:6   | Entered Level 6 of the Lair of Beasts
 16485 | Lair:5   | Reached skill level 13 in Fighting
 16562 | Lair:6   | Upgraded the game from 0.22-a0-855-g415d086bb8 to 0.22-a0-866-geee50340df
 16686 | Lair:5   | Identified Sif Muna's Incunabulum of the Boar (Sif Muna gifted it to you on level 5 of the Lair of Beasts)
 16686 | Lair:5   | Received a gift from Sif Muna
 17430 | Lair:6   | Reached skill level 5 in Invocations
 17776 | Lair:6   | Reached skill level 14 in Fighting
 18092 | Lair:6   | Reached XP level 15. HP: 101/101 MP: 1/30
 18827 | Lair:6   | Reached skill level 15 in Fighting
 19444 | Lair:5   | Killed an azure jelly
 19445 | Lair:5   | Killed an azure jelly
 19704 | Orc:2    | Entered Level 2 of the Orcish Mines
 20116 | Orc:2    | Noticed an orc warlord
 20137 | Orc:1    | Killed an orc warlord
 20402 | Orc:2    | Found a staircase to the Elven Halls.
 20585 | Orc:2    | Noticed an orc warlord
 20611 | Orc:2    | Killed an orc warlord
 21186 | Orc:2    | Learned a level 5 spell: Borgnjor's Vile Clutch
 21244 | Orc:2    | Identified Sif Muna's Almanac of the Snowflakes and Poisoning (Sif Muna gifted it to you on level 2 of the Orcish Mines)
 21244 | Orc:2    | Received a gift from Sif Muna
 21282 | Orc:2    | Found Izxullan's Antique Armour Boutique.
 21282 | Orc:2    | Found Sicec's Food Shoppe.
 21284 | Orc:2    | Found Nuul's Book Emporium.
 21286 | Orc:2    | Found Jam Fuz's Book Shop.
 21576 | Elf:1    | Entered Level 1 of the Elven Halls
 21758 | Elf:1    | Reached skill level 16 in Fighting
 22512 | Elf:1    | Noticed Nikola
 22601 | Orc:2    | Killed Nikola
 22896 | Elf:1    | Reached XP level 16. HP: 111/111 MP: 23/32
 23224 | Swamp:1  | Entered Level 1 of the Swamp
 23572 | Swamp:1  | Identified a scroll of acquirement
 23589 | Swamp:1  | Identified a +1 pair of boots of running (You acquired it on level 1 of the Swamp)
 24830 | Swamp:2  | Got a heavily runed ring mail
 24843 | Swamp:2  | Identified the +2 ring mail of Naclebusei {rF+ Regen+ Dex+4} (You found it on level 2 of the Swamp)
 25392 | Swamp:3  | Reached skill level 17 in Fighting
 25606 | Swamp:3  | Noticed a thorn hunter
 25655 | Swamp:3  | Killed a thorn hunter
 25706 | Swamp:3  | HP: 5/112 [alligator[a spriggan druid] (17)]
 25970 | Swamp:3  | Got a glittering granite ring
 25972 | Swamp:3  | Identified the ring of Omaseoru {-Tele rPois rF+ rN+ Int+3} (You acquired it on level 3 of the Swamp)
 26197 | Swamp:3  | Found a runed door.
 26536 | Swamp:3  | Identified Sif Muna's Guide on the Boosting Compass (Sif Muna gifted it to you on level 3 of the Swamp)
 26536 | Swamp:3  | Received a gift from Sif Muna
 26733 | Swamp:4  | Entered Level 4 of the Swamp
 27150 | Swamp:4  | Noticed the 27-headed Lernaean hydra
 27160 | Swamp:4  | HP: 3/112 [the 27-headed Lernaean hydra (5)]
 27160 | Swamp:4  | Slain by the 27-headed Lernaean hydra

Vault maps used:
D:1:      lemuel_arrival_funnel
D:2:      nicolae_tso_carved_into_rock, uniq_crazy_yiuf_cottage
D:3:      grunt_dithmenos_smoke
D:4:      temple_green, serial_shops,
          nicolae_shop_temple_entry_statues_fountains, uniq_blork_the_orc,
          uniq_natasha, uniq_edmund
D:5:      nicolae_ossuary_entry_monument, first_ration, minivault_25
D:6:      ebering_ghost_xom
D:7:      nicolae_ru_awakened_eye, serial_shops, shop,
          nicolae_shop_competitors_out_of_business, grunt_ogre_cave,
          nicolae_ashenzari_panopticon
D:8:      kennysheep_little_box, overflow_temple_1_default, old_standard_altar,
          lair_entry_dummy
D:9:      gammafunk_ghost_icy, kennysheep_boxes
D:10:     david_orc_2
Temple:   kb_temple_of_zot
Lair:1:   uniq_sonja
Lair:2:   beast_lair_carwin_large_3
Lair:3:   cheibrodos_lair_overgrown_chateau, swamp_mist_pool,
          gammafunk_ghost_cemetery, infiniplex_staircase_pool_2
Lair:4:   mu_elephants_graveyard, guppyfry_snake_entry_island,
          gammafunk_ghost_grave, st_stairs_9
Lair:5:   slime_altar_2, portal_ice_cave_rime, cheibrodos_lair_reptile_den,
          grunt_megastairs_1
Lair:6:   grunt_lair_end_beastmaster, lab_entry_generic, st_stairs_12,
          minmay_lair_oklob_chamber, lemuel_fruit_tree
Swamp:1:  nicolae_swamp_little_tower
Swamp:2:  serial_swamp_ruin, evilmike_swamp_ruin_rubble_1,
          evilmike_swamp_ruin_house_1, evilmike_swamp_ruin_rubble_2,
          swamp_pool2, nicolae_swamp_oklob_treasure_island
Swamp:3:  gammafunk_mikee_crab_dinner, evilmike_swamp_ruin_house_3, swamp_pool4,
          kb_tengu_band
Swamp:4:  swamp_old_school, swamp_pool1, nicolae_swamp_godswood
Orc:1:    basic_altar, mines1_david
Orc:2:    st_orc_rangers
Elf:1:    uniq_nikola
Elf:2:    serial_shops, shop_statue, minmay_shop_grid_forest,
          due_unseen_surprise, uniq_saint_roka
Ossuary:  ossuary_zaba_two_paths
IceCv:    ice_cave_statue_garden_transporter

Skill      XL: |  1  2  3  4  5  6  7  8  9 10 11 12 13 14 15 16 |
---------------+-------------------------------------------------+-----
Fighting       | 1 2 3 4 6 7 9 11 12 14 16 17 | 17.3
Earth Magic    | 4 5 6 7 8 10 12 13 14 15 16 | 16.8
Armour         | 1 2 3 4 6 8 10 11 12 13 14 | 14.4
Stealth        | 3 |  3.0
Spellcasting   | 3 4 5 6 8 9 10 11 12 13 | 13.0
Translocations | 5 6 |  6.0
Invocations    | 3 5 8 |  8.0
Dodging        | |  1.5
Transmutations | |  0.7

Action                   |  1- 3 |  4- 6 |  7- 9 | 10-12 | 13-15 | 16-18 || total
-------------------------+-------+-------+-------+-------+-------+-------++-------
Melee: Club              |    21 |       |       |       |       |       ||    21
       Unarmed           |     3 |       |       |       |       |       ||     3
       Dagger            |    25 |    10 |       |       |       |       ||    35
       Quarterstaff      |       |    30 |   336 |       |       |       ||   366
       Staff             |       |       |    51 |   217 |   110 |    79 ||   457
       Whip              |       |       |       |     1 |     6 |       ||     7
 Fire: Hunting sling     |       |    17 |     2 |       |       |       ||    19
 Cast: Sandblast         |    39 |    62 |    72 |    48 |    79 |       ||   300
       Stone Arrow       |       |       |    38 |   211 |   545 |   239 ||  1033
       Lee's Rapid Decon |       |       |       |    65 |   184 |    62 ||   311
       Petrify           |       |       |       |     2 |     5 |    12 ||    19
       Apportation       |       |       |       |       |     2 |       ||     2
       Gell's Gravitas   |       |       |       |       |     4 |       ||     4
       Borgnjor's Vile C |       |       |       |       |     8 |    24 ||    32
Invok: Divine Energy     |       |       |     1 |       |       |       ||     1
       Channel Magic     |       |       |       |       |       |     4 ||     4
  Use: Scroll            |       |     6 |     9 |     5 |     9 |    11 ||    40
       Potion            |       |     1 |     1 |       |     3 |     3 ||     8
 Stab: Sleeping          |       |       |     2 |       |       |       ||     2
       Paralysed         |       |       |     1 |       |       |       ||     1
  Eat: Chunk             |     1 |     4 |    12 |    30 |    51 |    12 ||   110
       Ration            |       |       |     1 |     3 |     4 |     4 ||    12
Armor: Robe              |    12 |       |       |       |       |       ||    12
       Ring mail         |    21 |    66 |   285 |    91 |       |   199 ||   662
       Troll leather arm |       |       |       |    97 |   385 |    44 ||   526
       Leather armour    |       |       |       |     9 |       |       ||     9
       Plate armour      |       |       |       |       |    13 |       ||    13
       Skin              |       |       |       |       |     2 |       ||     2
       Swamp dragon scal |       |       |       |       |       |    77 ||    77
Dodge: Dodged            |    43 |    58 |   228 |   203 |   334 |   196 ||  1062

Table legend:
 A = Spawn XP
 B = Non-spawn XP
 C = Spawn XP percentage of total XP
 D = Spawn monster count
 E = Non-spawn monster count
 F = Spawn count percentage of total count
 G = Total turns spent on level
                    A         B        C        D         E        F      G
               +---------+---------+-------+---------+---------+-------+---------
         Total |       0 |  172046 |   0.0 |       0 |     822 |   0.0 | 27160
               +---------+---------+-------+---------+---------+-------+---------
           D:1 |       0 |      36 |   0.0 |       0 |      22 |   0.0 |   800
           D:2 |       0 |     134 |   0.0 |       0 |      25 |   0.0 |   726
           D:3 |       0 |      63 |   0.0 |       0 |      21 |   0.0 |   577
           D:4 |       0 |    1004 |   0.0 |       0 |      25 |   0.0 |  1354
           D:5 |       0 |     245 |   0.0 |       0 |      11 |   0.0 |   513
           D:6 |       0 |    1080 |   0.0 |       0 |      32 |   0.0 |  1240
           D:7 |       0 |     688 |   0.0 |       0 |      12 |   0.0 |   586
           D:8 |       0 |    1261 |   0.0 |       0 |      24 |   0.0 |  1114
           D:9 |       0 |    3680 |   0.0 |       0 |      46 |   0.0 |  1226
          D:10 |       0 |    1787 |   0.0 |       0 |      27 |   0.0 |  1460
        Lair:1 |       0 |    6529 |   0.0 |       0 |      24 |   0.0 |   941
        Lair:2 |       0 |    7517 |   0.0 |       0 |      42 |   0.0 |  1304
        Lair:3 |       0 |    6439 |   0.0 |       0 |      26 |   0.0 |  1176
        Lair:4 |       0 |   15795 |   0.0 |       0 |      37 |   0.0 |  1305
        Lair:5 |       0 |   22767 |   0.0 |       0 |      49 |   0.0 |  2055
        Lair:6 |       0 |   29939 |   0.0 |       0 |      81 |   0.0 |  2226
       Swamp:1 |       0 |    7314 |   0.0 |       0 |      22 |   0.0 |  1118
       Swamp:2 |       0 |    9550 |   0.0 |       0 |      28 |   0.0 |  1266
       Swamp:3 |       0 |   19520 |   0.0 |       0 |      33 |   0.0 |  1300
       Swamp:4 |       0 |    6733 |   0.0 |       0 |      17 |   0.0 |   252
         Orc:1 |       0 |    5787 |   0.0 |       0 |      42 |   0.0 |  1308
         Orc:2 |       0 |   17244 |   0.0 |       0 |     100 |   0.0 |  1830
         Elf:1 |       0 |    3907 |   0.0 |       0 |       6 |   0.0 |   859
       Ossuary |       0 |     320 |   0.0 |       0 |      60 |   0.0 |   486
         IceCv |       0 |    2707 |   0.0 |       0 |      10 |   0.0 |   122
               +---------+---------+-------+---------+---------+-------+---------
